Map: Dusk Towers

Players

Adnap

  • Race: Terran Terran
  • League: Master

oliM - Winner!

  • Race: Protoss Protoss
  • League: Master

VOD

Have the link to the VOD?

Description

Time

  • Played on: Jan. 12, 2016, 11:11 p.m.
  • Length: 8:40
Show
View Real Time Build Order
Export as new Build Order

Adnap Terran 

Build Orders: Liberator Opening, MMM Bio 

Get SALT Encoding   

  12  0:01  SCV  
  13  0:14  SCV  
  14  0:17  Supply Depot  
  14  0:26  SCV  
  15  0:39  SCV  
  15  0:41  Barracks  
  16  0:45  Refinery  
  16  0:51  SCV  
  17  1:03  SCV  
  18  1:24  SCV  
  19  1:34  Barracks Reactor  
  19  1:36  Orbital Command  
  19  1:43  Command Center  
  19  1:51  Supply Depot  
  19  2:05  SCV  
  19  2:07  Factory  
  20  2:13  Marine  
  20  2:14  Marine  
  22  2:18  SCV  
  23  2:31  SCV, Marine x2  
  23  2:32  Refinery  
  26  2:43  SCV  
  27  2:49  Marine x2  
  29  2:52  Factory Tech Lab  
  29  2:55  SCV  
  30  3:06  Starport  
  30  3:07  Marine x2  
  30  3:09  Orbital Command  
  30  3:10  SCV  
  33  3:23  Cyclone  
  33  3:26  SCV  
  37  3:33  Liberator  
  37  3:34  SCV  
  37  3:36  Marine x2  
  37  3:41  SCV  
  41  3:46  SCV  
  41  3:47  Supply Depot  
  42  3:53  SCV  
  46  3:56  Supply Depot  
  46  4:09  SCV x2, Marine x2  
  49  4:21  SCV  
  49  4:22  SCV, Cyclone  
  54  4:28  Engineering Bay, Barracks  
  54  4:29  Barracks  
  54  4:37  SCV, Liberator  
  55  4:38  Supply Depot  
  55  4:44  SCV  
  56  4:47  Supply Depot  
  56  4:49  SCV, Refinery  
  57  4:56  SCV  
  61  5:02  Missile Turret  
  61  5:03  Missile Turret  
  61  5:04  SCV  
  62  5:08  SCV  
  62  5:13  Supply Depot  
  63  5:15  Barracks Tech Lab  
  63  5:16  Barracks Tech Lab  
  63  5:18  SCV  
  64  5:21  Terran Infantry Weapons Level 1  
  64  5:24  SCV  
  64  5:26  Supply Depot  
  62  5:37  Starport Reactor  
  62  5:38  Marine  
  62  5:39  Marine x3  
  62  5:40  Stimpack  
  62  5:42  SCV  
  67  5:47  SCV  
  68  5:54  SCV  
  68  5:55  Supply Depot, Combat Shields  
  68  5:56  Marine  
  70  6:00  Marine x2  
  72  6:05  SCV  
  72  6:09  Supply Depot  
  72  6:11  Marine  
  73  6:14  Marine  
  72  6:21  Marine  
  72  6:22  Medivac x2  
  72  6:23  Refinery, Marine  
  81  6:29  Marine  
  79  6:34  Supply Depot  
  79  6:35  Marine  
  79  6:37  Supply Depot  
  79  6:38  Factory Reactor  
  80  6:41  Barracks  
  80  6:42  Barracks  
  80  6:44  Marine x2  
  82  6:50  Marine  
  82  6:52  Marine, Medivac  
  86  6:54  Medivac  
  88  7:04  Marine x2  
  88  7:08  Marine  
  91  7:10  Marine  
  91  7:14  Concussive Shells, Widow Mine x2  
  96  7:22  Medivac  
  98  7:30  Supply Depot, Barracks Reactor  
  98  7:31  Supply Depot, Marine  
  98  7:32  Marine x4  
  98  7:36  Medivac  
  105  7:43  Widow Mine x2  
  106  7:49  Marine  
  106  7:50  Marine  
  92  8:01  Marine  
  82  8:06  Marine  
  82  8:08  Marine  
  82  8:09  Marine  
  82  8:11  Marine  
  82  8:12  Marine  
  77  8:17  Marine  
  77  8:18  Marine  
Show
View Real Time Build Order
Export as new Build Order

oliM Protoss - Winner!

Build Orders: 1 Gate Expand, Phoenix Opening 

Get SALT Encoding   

  12  0:01  Probe (Chrono Boost)  
  13  0:12  Probe (Chrono Boost)  
  14  0:17  Pylon  
  14  0:22  Probe (Chrono Boost)  
  15  0:36  Probe (Chrono Boost)  
  15  0:40  Gateway  
  16  0:46  Probe (Chrono Boost)  
  17  0:54  Assimilator  
  18  0:57  Probe (Chrono Boost)  
  18  1:07  Probe (Chrono Boost)  
  19  1:21  Nexus  
  19  1:34  Cybernetics Core, Probe (Chrono Boost)  
  20  1:45  Probe (Chrono Boost)  
  21  1:48  Assimilator  
  21  1:55  Probe (Chrono Boost)  
  21  1:57  Pylon  
  22  2:06  Probe (Chrono Boost)  
  23  2:22  Mothership Core (Chrono Boost)  
  25  2:28  Adept  
  27  2:34  Warp Gate  
  27  2:37  Probe (Chrono Boost)  
  27  2:40  Probe (Chrono Boost)  
  27  2:41  Pylon  
  29  2:48  Probe (Chrono Boost)  
  29  2:50  Probe (Chrono Boost)  
  30  2:59  Probe (Chrono Boost)  
  30  3:01  Probe (Chrono Boost)  
  30  3:02  Stargate  
  32  3:09  Probe (Chrono Boost)  
  32  3:11  Probe (Chrono Boost)  
  35  3:20  Probe (Chrono Boost)  
  35  3:22  Probe (Chrono Boost)  
  36  3:30  Probe (Chrono Boost)  
  36  3:32  Probe (Chrono Boost)  
  38  3:37  Gateway x2  
  38  3:40  Probe (Chrono Boost)  
  39  3:43  Probe (Chrono Boost)  
  40  3:49  Probe, Pylon, Phoenix (Chrono Boost)  
  40  3:54  Probe  
  44  3:56  Twilight Council  
  44  4:00  Probe  
  45  4:03  Assimilator  
  45  4:06  Probe, Assimilator  
  46  4:10  Probe  
  46  4:11  Phoenix (Chrono Boost)  
  49  4:18  Probe  
  49  4:21  Probe  
  49  4:29  Pylon  
  49  4:30  Probe  
  50  4:32  Probe  
  50  4:33  Phoenix (Chrono Boost)  
  53  4:42  Probe x2  
  55  4:52  Nexus  
  55  4:53  Probe  
  55  4:54  Probe  
  55  4:55  Pylon, Phoenix (Chrono Boost)  
  55  4:57  Pylon  
  55  4:58  Sentry  
  61  5:02  Resonating Glaives  
  61  5:11  Probe  
  61  5:13  Probe  
  63  5:25  Phoenix (Chrono Boost)  
  65  5:32  Probe  
  66  5:36  Gateway x2, Probe  
  66  5:38  Gateway  
  66  5:42  Pylon  
  67  5:45  Probe  
  67  5:47  Probe  
  69  5:53  Templar Archives  
  69  5:55  Gateway  
  69  5:57  Probe x2  
  70  5:59  Pylon  
  71  6:08  Probe x2  
  71  6:09  Probe  
  72  6:18  Probe  
  72  6:21  Probe x2  
  72  6:24  Assimilator  
  75  6:26  Assimilator  
  75  6:28  Psionic Storm  
  75  6:29  Probe  
  75  6:30  Forge  
  75  6:31  Probe, Forge  
  76  6:33  Probe  
  76  6:34  Pylon  
  76  6:39  Probe  
  78  6:40  High Templar  
  78  6:41  High Templar  
  78  6:42  Probe  
  78  6:43  High Templar  
  78  6:45  Probe  
  87  6:50  Probe  
  88  6:56  Robotics Facility  
  88  6:57  Pylon  
  88  7:03  Probe  
  88  7:07  Probe  
  89  7:14  Gateway x2, Photon Cannon  
  90  7:18  Photon Cannon  
  90  7:19  Pylon  
  90  7:20  High Templar  
  92  7:23  Adept x3  
  98  7:35  Adept x3  
  104  7:38  Pylon  
  104  7:47  Adept x3  
  104  7:56  Probe  
  105  8:00  Archon  
  99  8:08  Adept  
  99  8:09  Adept x6  
  99  8:16  Observer (Chrono Boost)  
  99  8:19  Probe  
  101  8:25  Gateway  
  101  8:26  Gateway  
  101  8:28  Gateway  
  101  8:31  Adept x5  
  101  8:32  Adept x2  
Tags
 
Add a new tag
Caveats
  • Supply blocks, unpowered buildings, or Contaminate may cause inaccurate times.
  • Supply counts are checked every 10 seconds.